 Dungeon Crawl Stone Soup version 0.31-a0-986-g5e6e4ef867 (webtiles) character file.

Game seed: 8051460230340009675

181 LeprechaunX the Changeling (level 5, 0/35 HPs)
             Began as an Octopode Shapeshifter on Nov 24, 2023.
             Was a Follower of Ru.
             Slain by a mummy (20 damage)
             ... in an ossuary.
             The game lasted 00:03:50 (2556 turns).

LeprechaunX the Changeling (Octopode Shapeshifter)  Turns: 2556, Time: 00:03:51

Health: 0/35       AC:  1    Str: 13    XL:     5   Next: 61%
Magic:  6/6        EV: 18    Int: 18    God:    Ru [*.....]
Gold:   132        SH:  0    Dex: 14    Spells: 6/6 levels left

rFire   . .          .
                       - Unarmed
rCold   . . .        (no shield)
rNeg    . . .        (helmet currently unavailable)
rPois   .            f - amulet of magic regeneration
rElec   .            d - +6 ring of intelligence
rCorr   .            o - +5 ring of evasion
SInv    .            (no ring)
Will    .....        (no ring)
Stlth   ++           (no ring)
HPRegen 0.25/turn    (no ring)
MPRegen 0.50/turn    (no ring)
                     (no ring)

%: no passive effects
@: beast-form
A: beast (slay +2), almost no armour, amphibious, 8 rings, camouflage 1,
gelatinous body 1, no air magic, no translocations magic, no transmutations
magic, (nimble swimmer 1), tentacles
a: Begin Untransformation, Renounce Religion


You were in an ossuary.
You worshipped Ru.
Ru was aware of your devotion.
You were a hulking beast.
You visited 1 branch of the dungeon, and saw 4 of its levels.
You also visited: Ossuary.

You collected 132 gold pieces.

Inventory:

Hand Weapons
 a - a +0 sling
Missiles
 i - a throwing net
Jewellery
 d - a +6 ring of intelligence (left tentacle)
 f - an amulet of magic regeneration (around mantle)
 o - a +5 ring of evasion (right tentacle)
 q - a ring of protection from cold
Talismans
 b - a beast talisman
 c - a flux talisman
 e - a blade talisman
Scrolls
 h - a scroll of poison {unknown}
 j - a scroll of fear {unknown}
 l - 2 scrolls of identify {unknown}
 r - a scroll of blinking {unknown}
 s - a scroll of amnesia {unknown}
 t - a scroll of teleportation {unknown}
Potions
 g - 2 potions of curing {unknown}
 k - a potion of lignification
 m - a potion of heal wounds {unknown}
 n - a potion of brilliance {unknown}
 p - a potion of enlightenment {unknown}


   Skills:
 + Level 2.5 Fighting
 - Level 2.0 Dodging
 + Level 3.9 Unarmed Combat
 + Level 1.0 Spellcasting
 * Level 4.4 Shapeshifting


You had 6 spell levels left.
You didn't know any spells.
Your spell library contained the following spells:

 Spells                   Type           Power      Damage    Failure   Level
 Ensorcelled Hibernation  Hex/Ice        0%         N/A       30%         2
 Ozocubu's Armour         Ice            0%         N/A       52%         3
 Stone Arrow              Conj/Erth      0%         3d7       52%         3
 Ozocubu's Refrigeration  Ice            0%         4d7       100%        7
 Lehudib's Crystal Spear  Conj/Erth      0%         10d2      100%        8
 Passwall                 Tmut/Erth      Unusable   N/A       N/A         2
 Swiftness                Air            Unusable   N/A       N/A         3
 Animate Armour           Summ/Erth      Unusable   N/A       N/A         4

Dungeon Overview and Level Annotations

Branches:
Dungeon (4/15)            Ossuary (1/1)
 Temple: D:4-7

Altars:
Elyvilon
Ru
Vehumet
Wu Jian

Annotations:
D:3 3 runed translucent doors, Crabhammer's ghost, amateur OpSh


Innate Abilities, Weirdness & Mutations

You are a hulking beast.
Your limbs bulge with bestial killing power. (Slay +2)
You cannot wear most types of armour.
You are amphibious.
You can wear up to eight rings at the same time.
Your skin changes colour to match your surroundings (Stealth+).
Your rubbery body absorbs attacks. (AC +1, EV +1)
You cannot study or cast Air magic.
You cannot study or cast Translocations magic.
You cannot study or cast Transmutations magic.
((You are camouflaged when in or above water. (Stealth+)))
You have tentacles for arms and can constrict up to eight enemies at once.


Message History

There is an empty arch of ancient stone here.
You tentacle-slap the mummy but do no damage.
Your grab misses the mummy. You squeeze the mummy!
The mummy is heavily damaged.
You barely miss the mummy. You grab the mummy.
The mummy is heavily damaged.
You constrict the mummy, but do no damage.
The mummy closely misses you.
You bludgeon the mummy!
Your tentacle-slap misses the mummy.
The mummy is almost destroyed.
You constrict the mummy. You tentacle-slap the mummy.
You destroy the mummy!
You tentacle-slap the mummy. Your grab misses the mummy. You squeeze the mummy!
The mummy is severely damaged.
The mummy hits you!
You tentacle-slap the mummy but do no damage.
You grab the mummy. You squeeze the mummy.
The mummy is almost destroyed.
You constrict the mummy. You tentacle-slap the mummy.
The mummy is almost destroyed.
You constrict the mummy, but do no damage.
The mummy completely misses you.
You tentacle-slap the mummy but do no damage.
You squeeze the mummy.
You destroy the mummy!
Your Spellcasting skill increases to level 1!
You tentacle-slap the mummy but do no damage.
You grab the mummy. You tentacle-slap the mummy. You squeeze the mummy.
The mummy is lightly damaged.
You constrict the mummy. The mummy barely misses you.
You tentacle-slap the mummy.
The mummy is moderately damaged.
You constrict the mummy. You tentacle-slap the mummy. You squeeze the mummy.
The mummy is severely damaged.
You constrict the mummy. The mummy hits you!!
Ouch! That really hurt!
You die...

...^.^.
#.^...#
#^....#
#.....#
#..∩..#
#.....#
#..∩..#
#.....#
#...Mh#
#.....#
#.....#
##...##
#####


You could see a mummy.

Vanquished Creatures
  2 mummies (Ossuary)
  6 gnolls
  2 adders (D:3)
  2 dart slugs
  3 orcs (D:4)
  10 endoplasms
  3 giant cockroaches
  8 goblins
  5 hobgoblins
  5 jackals (D:1)
  4 quokkas
  5 ball pythons
  3 bats
  7 frilled lizards
  3 kobolds
  5 rats (D:2)
73 creatures vanquished.

Notes
Turn   | Place    | Note
-------+----------+-------------------------------------------
     0 | D:1      | LeprechaunX the Octopode Shapeshifter began the quest for
                  | the Orb.
     0 | D:1      | Reached XP level 1. HP: 13/13 MP: 1/1
   100 | D:1      | Reached XP level 2. HP: 17/18 MP: 2/2
   397 | D:1      | Reached XP level 3. HP: 23/23 MP: 3/3
   888 | D:2      | Reached XP level 4. HP: 27/29 MP: 4/4
  1002 | D:2      | Found a sacrificial altar of Ru.
  1011 | D:2      | Became a worshipper of Ru the Awakened
  1306 | D:2      | Reached skill level 4 in Shapeshifting
  1678 | D:3      | Reached XP level 5. HP: 19/34 MP: 5/5
  1778 | D:3      | Found a white marble altar of Elyvilon.
  1866 | D:3      | Found a runed translucent gate.
  1866 | D:3      | Found a runed translucent gate.
  1866 | D:3      | Found a runed translucent gate.
  1887 | D:3      | Found a radiant altar of Vehumet.
  1973 | D:3      | Found an ornate altar of the Wu Jian Council.
  1973 | D:3      | Found a sacrificial altar of Ru.
  2044 | D:3      | Noticed Crabhammer's ghost (amateur OpSh)
  2180 | D:3      | Gained mutation: You cannot study or cast Air magic. [Ru
                  | sacrifice]
  2180 | D:3      | Gained mutation: You cannot study or cast Transmutations
                  | magic. [Ru sacrifice]
  2180 | D:3      | Gained mutation: You cannot study or cast Translocations
                  | magic. [Ru sacrifice]
  2180 | D:3      | Reached * piety under Ru
  2529 | D:4      | Found a sand-covered staircase.
  2541 | Ossuary  | Entered an ossuary
  2554 | Ossuary  | Reached skill level 1 in Spellcasting
  2556 | Ossuary  | Slain by a mummy

Illustrated notes

Levels and vault maps discovered:
D:1:      dpeg_arrival_stone_temple_mockup, layout_basic
D:2:      minmay_wonky_spiral, layout_basic, basic_altar, nicolae_titane
D:3:      minmay_door_path, layout_basic, elyvilon_altar_1,
          nicolae_vehumet_altar_sigil, gammafunk_temple_overflow_elements,
          gammafunk_ghost_icy, nicolae_grassy_gnolls
D:4:      layout_layer_cave, lemuel_doored_altar,
          mainiacjoe_overflow_catwalk_spiral,
          mainiacjoe_ossuary_entry_dusty_tomb
Ossuary:  ossuary_the_hunt_dpeg

Skill      XL: |  1  2  3  4  5 |
---------------+----------------+-----
Fighting       | 2 |  2.5
Shapeshifting  | 4 |  4.4
Spellcasting   | 1 |  1.0
Dodging        | |  2.0
Unarmed Combat | |  3.9

Action                     |  1- 3 |  4- 6 || total
---------------------------+-------+-------++-------
  Melee: Unarmed           |    51 |    86 ||   137
         Tentacles         |    10 |    19 ||    29
         Constrict         |     9 |    20 ||    29
         Punch             |     1 |     3 ||     4
 Invoke: Sacrifice Arcana  |       |     1 ||     1
   Stab: Sleeping          |     5 |    11 ||    16
 Armour: Skin              |    22 |    23 ||    45
  Dodge: Dodged            |    25 |    39 ||    64

Table legend: (Time is in decaauts)
 A = Elapsed time spent in this place.
 B = Non-inter-level travel time spent in this place.
 C = Inter-level travel time spent in this place.
 D = Time resting spent in this place.
 E = Time spent auto-exploring this place.
 F = Levels seen in this place.
 G = Mean time per level.
                   A        B        C        D        E       F      G
               +--------+--------+--------+--------+--------+-----+--------+
         Total |   2545 |   2470 |     75 |    175 |   1850 |   5 |  509.0 |
       Dungeon |   2531 |   2456 |     75 |    175 |   1850 |   4 |  632.8 |
       Ossuary |     14 |     14 |      0 |      0 |      0 |   1 |   14.0 |
               +--------+--------+--------+--------+--------+-----+--------+

Top non-repeatable levels by time:
     D:2: 865 daAuts
     D:3: 802 daAuts
     D:1: 791 daAuts
     D:4: 71 daAuts
 Ossuary: 14 daAuts
